 Dungeon Crawl Stone Soup version 0.29.0-15-g675c0067aa (webtiles) character file.

Game seed: 11028349925646696529

99878 qw the Peltast (level 15, -8/127 (144) HPs)
             Began as a Minotaur Berserker on Sept 12, 2022.
             Was an Elder of Trog.
             Mangled by a salamander
             ... wielding a +0 spear
              (10 damage)
             ... on level 1 of the Snake Pit.
             The game lasted 00:09:18 (28294 turns).

qw the Peltast (Minotaur Berserker)                Turns: 28294, Time: 00:09:18

HP:   -8/127 (144)  AC: 28    Str: 29    XL:     15   Next: 79%
MP:   14/14         EV:  7    Int:  8    God:    Trog [****..]
Gold: 1694          SH: 20    Dex: 12    Spells: 14/14 levels left

rFire   . . .      SeeInvis +   m - +3 broad axe (chaos)
rCold   . . .      Faith    .   e - +0 tower shield
rNeg    + + .      Spirit   .   D - +4 plate armour of the Frog {Int+4 Slay+2}
rPois   +          Reflect  .   r - +2 hat {Will+}
rElec   .          Harm     .   j - +2 cloak
rCorr   .          Rampage  .   n - +0 pair of gloves of the Eight Blessings {rN++ Str+2}
Will    ++...                   p - +2 pair of boots
Stlth   ..........              (no amulet)
HPRegen 0.31/turn               h - ring of poison resistance
MPRegen 0.14/turn               k - ring of see invisible

@: about to teleport, on berserk cooldown, slowed, constricted, heavily drained,
very slow
A: horns 2, retaliatory headbutt
a: Renounce Religion, Berserk, Trog's Hand, Brothers in Arms


You were on level 1 of the Snake Pit.
You worshipped Trog.
Trog was greatly pleased with you.
You visited 4 branches of the dungeon, and saw 23 of its levels.

You collected 3099 gold pieces.
You spent 1405 gold pieces at shops.


Innate Abilities, Weirdness & Mutations

You have a pair of horns on your head.
You reflexively headbutt those who attack you in melee.


   Skills:
 - Level 16.0 Fighting
 - Level 18.0 Axes
 - Level 7.0 Throwing
 + Level 10.1 Armour
 - Level 9.0 Dodging
 - Level 19.0 Shields


You had 14 spell levels left.
You didn't know any spells.
Your spell library was empty.

Inventory:

Hand Weapons
 m - a +3 broad axe of chaos (weapon)
 x - a -1 demon whip of venom
Missiles
 z - 7 boomerangs
 C - 4 javelins (quivered)
Armour
 e - a +0 tower shield (worn)
 j - a +2 cloak (worn)
 n - the +0 pair of gloves of the Eight Blessings (worn) {rN++ Str+2}
   (You found it on level 14 of the Dungeon)

   Str:       It affects your strength (+2).
   rN:        It greatly protects you from negative energy.
 p - a +2 pair of boots (worn)
 r - a +2 hat of willpower (worn)
 u - a +2 pair of gloves of hurling
 D - the +4 plate armour of the Frog (worn) {Int+4 Slay+2}
   (You bought it in a shop on level 2 of the Orcish Mines)

   Int:       It affects your intelligence (+4).
   Slay:      It affects your accuracy & damage with ranged weapons and melee
   (+2).
Jewellery
 h - a ring of poison resistance (left hand)
 k - a ring of see invisible (right hand)
 s - a ring of ice
 v - a ring of fire
 w - a +6 ring of dexterity
 y - a ring of resist corrosion
 Y - a ring of protection from cold
Scrolls
 a - 10 scrolls of identify
 b - 8 scrolls of teleportation
 f - 10 scrolls of enchant armour
Potions
 c - 9 potions of curing
 d - 4 potions of mutation
 i - 4 potions of heal wounds
 l - 5 potions of haste
 o - 5 potions of might

Dungeon Overview and Level Annotations

Branches:
Dungeon (15/15)            Temple (0/1) D:7            Lair (5/5) D:8
  Swamp (0/4) Lair:2        Snake (1/4) Lair:2        Slime (0/5) Lair:4
    Orc (2/2) D:12            Elf (0/3) Orc:2        Vaults (0/5) D:13
 Depths (0/4) D:15

Altars:
Ashenzari
Dithmenos
Hepliaklqana
Kikubaaqudgha
Nemelex Xobeh
Okawaru
Qazlal
Ru
Sif Muna
Vehumet
Wu Jian
Xom
Yredelemnul
The Shining One
Jiyva

Shops:
Orc:1 *   Orc:2 :![*

Portals:
Pandemonium: Orc:2

Annotations:
D:3 2 transporters
D:6 1 runed translucent door, qw's ghost, novice GrBe
D:7 1 runed translucent door, Crazy Yiuf
D:13 4 transporters
Lair:5 2 runed translucent doors


Message History

The naga sharpshooter is lightly wounded.
The naga warrior spits poison at you. You block the splash of poison.
The salamander hits you but does no damage.
You hit the naga sharpshooter. You headbutt the naga sharpshooter!
The naga sharpshooter is moderately wounded.
You block the salamander's attack.
You slash the naga warrior!
The naga warrior is moderately wounded.
You block the salamander's attack.
The naga warrior roars a battlecry!
The nagas go into a battle-frenzy!
You hit the naga warrior but do no damage.
Lightning courses through the naga warrior!
You headbutt the naga warrior!
The naga warrior is heavily wounded.
You catch the helpless naga sharpshooter completely off-guard!
You slash the naga sharpshooter! You drain the naga sharpshooter.
You block the salamander's attack. You block the naga warrior's attack.
The naga warrior grabs you. The naga warrior constricts you.
You slash the naga warrior! You headbutt the naga warrior.
The naga warrior is severely wounded.
You barely miss the naga.
The naga sharpshooter seems less confused.
You block the salamander's attack. The naga hits you with a +0 war axe!
The naga warrior hits you with a +0 flail.
The naga warrior constricts you.
28294 ||| READING 9 scrolls of teleportation.
As you read the scroll of teleportation, it crumbles to dust.
You feel strangely unstable.
The naga sharpshooter casts a spell.
The naga sharpshooter magically shoots an arrow.
The arrow hits you but does no damage. The salamander completely misses you.
The naga hits you with a +0 war axe! You block the salamander's attack.
You block the naga warrior's attack. The naga warrior constricts you.
The naga sharpshooter spits poison at you.
You block the splash of poison.
The salamander hits you from afar with a +0 spear.
You are engulfed in flames!
You die...

# ## .# .## .##... #.
... ##.... #. ##. ..#
#.(... ###. ....
..####.##.# ...####..>.
#......##.###.........#
#.......#.....#SNN..####
<%##......######NN......
#..........$.).)@.#
..##........#####.N#
..##.........# #.#
...#...#...#..# .#
...#......###.# .
.......#.## ... }#
.[.(.....# #### .
..###.#### .. .. ..


You could see a naga warrior, a naga sharpshooter (catching breath, drained), 2
salamanders, a shock serpent and a naga (strong).

Vanquished Creatures
  Gastronok (Lair:3)
  A stone giant (D:15)
  Nessos (Lair:3)
  Josephine (Lair:3)
  A rakshasa (D:15)
  7 hydras
  Fannar (Lair:3)
  3 boulder beetles
  4 two-headed ogres
  2 centaur warriors
  A demonspawn (Orc:2)
  An ogre mage (D:15)
  6 death yaks (Lair:5)
  2 catoblepae
  5 tengu warriors (D:15)
  A naga warrior (Snake:1)
  4 orc high priests (Orc:2)
  Urug (Orc:1)
  A naga sharpshooter (Snake:1)
  A skeletal warrior (D:13)
  Amaemon (D:9)
  3 lindwurms
  A deep elf archer (D:13)
  A necromancer (D:9)
  4 deep elf pyromancers
  A mana viper (Snake:1)
  A deep elf zephyrmancer (D:13)
  6 orc knights
  3 oklob plants (Lair:4)
  4 orc sorcerers (Orc:2)
  3 cyclopes
  2 manticores
  11 ugly things
  A salamander (Snake:1)
  8 black mambas
  10 elephants
  2 rust devils (Orc:2)
  Joseph (D:8)
  2 orange demons
  2 molten gargoyles (Lair:5)
  3 gargoyles
  9 cane toads
  4 rime drakes
  2 centaur skeletons (D:13)
  Psyche (D:9)
  6 kobold demonologists
  15 komodo dragons
  2 unseen horrors
  An ice devil (Orc:2)
  4 yaktaurs (D:13)
  3 freezing wraiths
  A troll (shapeshifter) (D:8)
  3 trolls
  3 tyrant leeches (Lair:2)
  Grinder (D:6)
  7 blink frogs
  3 polar bears (Lair:5)
  10 slime creatures
  A dream sheep (Lair:4)
  2 shadows
  A vampire (D:14)
  8 wraiths
  10 wyverns
  A yak (shapeshifter) (D:13)
  4 basilisks
  4 steam dragons
  40 yaks
  5 vampire mosquitoes
  3 wargs
  An acid dragon (D:11)
  2 swamp worms (Lair:1)
  4 nagas (Lair:2)
  9 water moccasins
  4 hell hounds (Lair:5)
  A swamp drake (Orc:2)
  3 ice beasts
  28 orc warriors
  A black bear (D:6)
  2 sky beasts
  9 ogres
  19 wolves
  A phantom (D:7)
  18 centaurs
  18 bullfrogs
  4 kobold brigands
  7 gnoll sergeants
  A scorpion (D:6)
  15 wights
  13 killer bees
  An electric eel (Lair:2)
  3 lava snakes (Lair:5)
  2 howler monkeys
  22 orc priests
  3 hounds
  A jelly (D:6)
  4 iguanas
  14 orc wizards
  3 yak simulacra (D:9)
  3 polar bear simulacra (D:9)
  3 wolf simulacra (D:9)
  20 gnolls
  10 adders
  A shadow imp (D:8)
  13 white imps
  An ufetubus (D:5)
  2 worms
  A dart slug (D:1)
  58 orcs
  4 endoplasms
  3 giant cockroaches
  4 goblins
  3 hobgoblins
  4 jackals (D:1)
  4 quokkas
  8 ball pythons
  7 bats
  3 frilled lizards
  14 kobolds
  7 rats
  2 river rat simulacra (D:9)
657 creatures vanquished.

Vanquished Creatures (collateral kills)
  A hydra (Lair:4)
  2 orc high priests (Orc:2)
  An orc sorcerer (Orc:2)
  A rime drake (Lair:4)
  4 dream sheep (Lair:4)
  2 lava snakes (Lair:5)
  An orc priest (Orc:2)
12 creatures vanquished.

Vanquished Creatures (others)
  An orc knight (Orc:2)
  A centaur skeleton (D:13)
  A slime creature zombie (D:15)
  An orc zombie (Orc:2)
  38 fungi
  27 plants
69 creatures vanquished.

Grand Total: 738 creatures vanquished

Notes
Turn   | Place    | Note
-------+----------+-------------------------------------------
     0 | D:1      | qw the Minotaur Berserker began the quest for the Orb.
     0 | D:1      | Reached XP level 1. HP: 19/19 MP: 0/0
     0 | D:1      | 0 ||| qw: Version: 0.1-a-119-g272c26d
     0 | D:1      | 0 ||| qw: Game counter: 10859
     0 | D:1      | 0 ||| qw: Always use a shield: true
     0 | D:1      | 0 ||| qw: Do Orc after D:15 true
     0 | D:1      | 0 ||| qw: Do second Lair branch before Depths: true
     0 | D:1      | 0 ||| qw: Lair rune preference: random
     0 | D:1      | 0 ||| qw: Plans: Normal
     0 | D:1      | 0 ||| PLANNING D:1-11
   280 | D:1      | Found a faded altar of an unknown god.
   309 | D:1      | Reached XP level 2. HP: 22/26 MP: 1/1
   720 | D:1      | 720 ||| INVOKING Berserk.
  1205 | D:1      | 1205 ||| Stepping ~*~*~tactically~*~*~ (hiding).
  1299 | D:1      | 1299 ||| UPGRADING to +0 cloak.
  1304 | D:1      | 1304 ||| READING 3 scrolls labelled UMIEKE FUKHLES.
  1305 | D:1      | 1305 ||| READING scroll labelled VOEVUE ENEG.
  1306 | D:1      | 1306 ||| READING 4 scrolls labelled TAICHE RUCUJO.
  1307 | D:1      | 1307 ||| READING 3 scrolls of enchant armour.
  1307 | D:1      | 1307 ||| ENCHANTING +0 cloak.
  1308 | D:1      | 1308 ||| READING 2 scrolls of enchant armour.
  1308 | D:1      | 1308 ||| ENCHANTING +1 cloak.
  1309 | D:1      | 1309 ||| READING scroll labelled WYCUM DEGEYDAI.
  1310 | D:1      | 1310 ||| READING scroll labelled RAUCOO LOWOAZA.
  1313 | D:1      | 1313 ||| READING scroll labelled ZUISUY RAWNEG.
  1314 | D:1      | 1314 ||| READING 2 scrolls of identify.
  1314 | D:1      | 1314 ||| IDENTIFYING dark potion
  1315 | D:1      | 1315 ||| DROPPING potion of flight.
  1329 | D:2      | 1329 ||| STAIRDANCE
  1361 | D:2      | Found a sacrificial altar of Ru.
  1373 | D:2      | Reached XP level 3. HP: 31/31 MP: 2/2
  1391 | D:2      | 1391 ||| READING 3 scrolls of enchant weapon.
  1391 | D:2      | 1391 ||| ENCHANTING +1 hand axe.
  1392 | D:2      | 1392 ||| READING 2 scrolls of enchant weapon.
  1392 | D:2      | 1392 ||| ENCHANTING +2 hand axe.
  1393 | D:2      | 1393 ||| READING scroll of enchant weapon.
  1393 | D:2      | 1393 ||| ENCHANTING +3 hand axe.
  1548 | D:2      | Reached ** piety under Trog
  1581 | D:2      | 1581 ||| INVOKING Berserk.
  1850 | D:2      | Reached skill level 6 in Axes
  1850 | D:2      | Reached XP level 4. HP: 39/39 MP: 3/3
  2003 | D:2      | 2003 ||| UPGRADING to +0 scale mail.
  2013 | D:2      | 2013 ||| DROPPING +0 animal skin.
  2014 | D:2      | 2014 ||| UPGRADING to +0 chain mail.
  2024 | D:2      | 2024 ||| DROPPING +0 scale mail.
  2025 | D:2      | 2025 ||| DRINKING 3 metallic yellow potions.
  2026 | D:2      | 2026 ||| DROPPING 2 potions of magic.
  2057 | D:3      | Found an ancient bone altar of Kikubaaqudgha.
  2132 | D:3      | 2132 ||| Stepping ~*~*~tactically~*~*~ (stealth).
  2134 | D:3      | 2134 ||| INVOKING Berserk.
  2323 | D:3      | Reached XP level 5. HP: 45/45 MP: 4/4
  2330 | D:3      | Found a shadowy altar of Dithmenos.
  2498 | D:3      | Identified the +5 ring mail "Seadaful" {Drain rElec rPois
                  | Slay+4}
  2704 | D:3      | Noticed an ice beast
  2705 | D:3      | Found a shimmering blue altar of Sif Muna.
  2709 | D:3      | Found a transporter.
  2721 | D:3      | Found a transporter.
  2832 | D:3      | Reached skill level 1 in Throwing
  2968 | D:3      | 2968 ||| UPGRADING to +5 ring mail "Seadaful" {Drain rElec
                  | rPois Slay+4}.
  2978 | D:3      | 2978 ||| DROPPING +0 chain mail.
  2979 | D:3      | 2979 ||| UPGRADING to ring of protection from cold.
  2980 | D:3      | 2980 ||| READING 2 scrolls of identify.
  2980 | D:3      | 2980 ||| IDENTIFYING fizzy blue potion
  3278 | D:4      | Noticed an ogre
  3280 | D:4      | 3280 ||| INVOKING Berserk.
  3283 | D:4      | Killed an ogre
  3284 | D:4      | Reached XP level 6. HP: 52/52 MP: 5/5
  3474 | D:4      | Found a stormy altar of Qazlal.
  3484 | D:4      | 3484 ||| READING scroll labelled HIDIJE GOMUNEH.
  3485 | D:4      | 3485 ||| READING scroll labelled DONIDD BEULE.
  3745 | D:4      | 3745 ||| READING 3 scrolls of identify.
  3745 | D:4      | 3745 ||| IDENTIFYING fuming inky potion
  3746 | D:4      | 3746 ||| READING 2 scrolls of identify.
  3746 | D:4      | 3746 ||| IDENTIFYING silvery potion
  3747 | D:4      | 3747 ||| DROPPING potion of brilliance.
  3760 | D:5      | Entered Level 5 of the Dungeon
  3812 | D:5      | 3812 ||| Stepping ~*~*~tactically~*~*~ (hiding).
  3817 | D:5      | 3817 ||| INVOKING Berserk.
  3952 | D:5      | You fall into a shaft and drop 1 floor!
  3975 | D:6      | 3975 ||| Stepping ~*~*~tactically~*~*~ (stealth).
  3989 | D:6      | 3989 ||| Stepping ~*~*~tactically~*~*~ (hiding).
  3990 | D:6      | 3990 ||| Stepping ~*~*~tactically~*~*~ (hiding).
  3996 | D:6      | 3996 ||| INVOKING Berserk.
  4103 | D:6      | 4103 ||| DROPPING +0 mace.
  4113 | D:6      | 4113 ||| Stepping ~*~*~tactically~*~*~ (hiding).
  4117 | D:6      | 4117 ||| INVOKING Berserk.
  4126 | D:6      | Reached skill level 9 in Axes
  4322 | D:6      | Noticed Grinder
  4323 | D:6      | 4323 ||| Stepping ~*~*~tactically~*~*~ (hiding).
  4324 | D:6      | 4324 ||| Stepping ~*~*~tactically~*~*~ (hiding).
  4325 | D:6      | 4325 ||| INVOKING Berserk.
  4328 | D:6      | Reached XP level 7. HP: 61/61 MP: 6/6
  4336 | D:6      | 4336 ||| INVOKING Trog's Hand.
  4348 | D:6      | 4348 ||| INVOKING Trog's Hand.
  4349 | D:6      | Killed Grinder
  4413 | D:6      | 4413 ||| Stepping ~*~*~tactically~*~*~ (stealth).
  4423 | D:6      | Reached XP level 8. HP: 65/70 MP: 7/7
  4427 | D:6      | Reached skill level 6 in Fighting
  4449 | D:6      | 4449 ||| UPGRADING to +0 buckler.
  4454 | D:6      | 4454 ||| DRINKING 2 amethyst potions.
  4477 | D:6      | 4477 ||| DROPPING potion of lignification.
  4594 | D:5      | Found a basalt altar of Yredelemnul.
  4601 | D:5      | Reached skill level 1 in Shields
  4631 | D:5      | Reached skill level 2 in Shields
  4958 | D:5      | 4958 ||| UPGRADING to ring of see invisible.
  4959 | D:5      | 4959 ||| READING scroll labelled FEAH KAHAEFAIG.
  4960 | D:5      | 4960 ||| READING scroll labelled OTIRCHE DEOTU.
  4960 | D:5      | Identified a scroll of acquirement
  4960 | D:5      | 4960 ||| ACQUIRING 1059 gold pieces
  4960 | D:5      | Acquired 1059 gold pieces
  4962 | D:5      | 4962 ||| DRINKING 2 white potions.
  4963 | D:5      | 4963 ||| READING 2 scrolls of identify.
  4963 | D:5      | 4963 ||| IDENTIFYING viscous pink potion
  4964 | D:5      | 4964 ||| DROPPING potion of degeneration.
  4989 | D:6      | Found a runed translucent door.
  4992 | D:6      | Noticed qw's ghost (novice GrBe)
  4992 | D:6      | Noticed a green ugly thing
  4994 | D:6      | Reached skill level 3 in Shields
  5082 | D:6      | 5082 ||| Stepping ~*~*~tactically~*~*~ (hiding).
  5267 | D:6      | Reached *** piety under Trog
  5334 | D:6      | 5334 ||| Stepping ~*~*~tactically~*~*~ (stealth).
  5335 | D:6      | 5335 ||| INVOKING Berserk.
  5338 | D:6      | Reached skill level 4 in Shields
  5493 | D:6      | 5493 ||| INVOKING Berserk.
  5624 | D:6      | 5624 ||| Stepping ~*~*~tactically~*~*~ (stealth).
  5650 | D:6      | Reached skill level 12 in Axes
  5816 | D:6      | 5816 ||| UPGRADING to +0 pair of boots.
  5821 | D:6      | 5821 ||| READING 4 scrolls of enchant armour.
  5821 | D:6      | 5821 ||| ENCHANTING +0 pair of boots.
  5822 | D:6      | 5822 ||| READING 3 scrolls of enchant armour.
  5822 | D:6      | 5822 ||| ENCHANTING +1 pair of boots.
  5823 | D:6      | 5823 ||| READING 3 scrolls labelled WYOZXINION.
  5824 | D:6      | 5824 ||| READING 2 scrolls of identify.
  5824 | D:6      | 5824 ||| IDENTIFYING black potion
  5825 | D:6      | 5825 ||| DROPPING potion of attraction.
  5826 | D:6      | 5826 ||| DROPPING 2 scrolls of poison.
  5856 | D:7      | Reached skill level 3 in Armour
  5893 | D:7      | Reached XP level 9. HP: 77/77 MP: 8/8
  5897 | D:7      | 5897 ||| Stepping ~*~*~tactically~*~*~ (stealth).
  5900 | D:7      | 5900 ||| INVOKING Berserk.
  5905 | D:7      | Reached skill level 3 in Dodging
  5991 | D:7      | 5991 ||| INVOKING Berserk.
  6135 | D:7      | 6135 ||| SWAPPING to +0 war axe.
  6136 | D:7      | 6136 ||| DROPPING +4 hand axe.
  6149 | D:7      | 6149 ||| Stepping ~*~*~tactically~*~*~ (stealth).
  6150 | D:7      | 6150 ||| Stepping ~*~*~tactically~*~*~ (stealth).
  6239 | D:7      | Reached skill level 3 in Throwing
  6315 | D:7      | 6315 ||| Stepping ~*~*~tactically~*~*~ (stealth).
  6319 | D:7      | 6319 ||| Stepping ~*~*~tactically~*~*~ (stealth).
  6330 | D:7      | 6330 ||| INVOKING Berserk.
  6349 | D:7      | 6349 ||| Stepping ~*~*~tactically~*~*~ (stealth).
  6351 | D:7      | 6351 ||| Stepping ~*~*~tactically~*~*~ (stealth).
  6431 | D:7      | 6431 ||| Stepping ~*~*~tactically~*~*~ (stealth).
  6524 | D:7      | Found a staircase to the Ecumenical Temple.
  6742 | D:7      | Found a runed translucent door.
  6743 | D:7      | Noticed Crazy Yiuf
  6886 | D:7      | 6886 ||| UPGRADING to +0 tower shield.
  6896 | D:7      | 6896 ||| DROPPING +0 buckler.
  6897 | D:7      | 6897 ||| DROPPING ring of magical power.
  6916 | D:8      | Noticed Joseph
  6927 | D:8      | Killed Joseph
  6928 | D:8      | Reached skill level 6 in Shields
  6928 | D:8      | 6928 ||| STAIRDANCE
  7095 | D:8      | 7095 ||| Stepping ~*~*~tactically~*~*~ (hiding).
  7167 | D:8      | Found a radiant altar of Vehumet.
  7269 | D:8      | Found a staircase to the Lair.
  7297 | D:8      | Reached skill level 7 in Shields
  7375 | D:8      | Noticed a troll
  7379 | D:8      | 7379 ||| INVOKING Berserk.
  7384 | D:8      | Killed a troll
  7472 | D:8      | Noticed an unseen horror
  7489 | D:8      | Killed an unseen horror
  7490 | D:8      | Reached skill level 8 in Shields
  7490 | D:8      | Reached XP level 10. HP: 82/86 MP: 9/9
  7576 | D:8      | Noticed a cyclops
  7578 | D:8      | Noticed a purple ugly thing
  7581 | D:8      | Killed a cyclops
  7582 | D:8      | Reached skill level 9 in Shields
  7587 | D:8      | Killed a purple ugly thing
  7720 | D:8      | 7720 ||| Stepping ~*~*~tactically~*~*~ (hiding).
  7735 | D:8      | Reached skill level 10 in Shields
  8001 | D:8      | 8001 ||| Stepping ~*~*~tactically~*~*~ (cloud).
  8003 | D:8      | 8003 ||| INVOKING Berserk.
  8115 | D:8      | 8115 ||| Stepping ~*~*~tactically~*~*~ (hiding).
  8121 | D:8      | 8121 ||| INVOKING Berserk.
  8195 | D:8      | Reached skill level 11 in Shields
  8246 | D:8      | 8246 ||| Stepping ~*~*~tactically~*~*~ (stealth).
  8248 | D:8      | 8248 ||| Stepping ~*~*~tactically~*~*~ (stealth).
  8326 | D:8      | Noticed a six-headed hydra
  8329 | D:8      | 8329 ||| SWAPPING to +0 flail.
  8330 | D:8      | 8330 ||| INVOKING Berserk.
  8334 | D:8      | Killed a six-headed hydra
  8335 | D:8      | Reached skill level 12 in Shields
  8387 | D:8      | 8387 ||| SWAPPING to +0 war axe.
  8448 | D:8      | 8448 ||| PLANNING LAIR
  8448 | D:8      | 8448 ||| DROPPING ring of flight.
  8449 | D:8      | 8449 ||| READING scroll labelled HUADIS BERPHU.
  8450 | D:8      | 8450 ||| READING 2 scrolls labelled CEJIEGR QIUSI.
  8551 | D:8      | 8551 ||| READING scroll labelled TUMUDO XIRCHI.
  8725 | D:8      | 8725 ||| READING 3 scrolls of identify.
  8725 | D:8      | 8725 ||| IDENTIFYING glowing yellow potion
  8726 | D:8      | 8726 ||| READING 2 scrolls of identify.
  8726 | D:8      | 8726 ||| IDENTIFYING pink potion
  8727 | D:8      | 8727 ||| DROPPING potion of ambrosia.
  8728 | D:8      | 8728 ||| DROPPING scroll of silence.
  8770 | Lair:1   | Entered Level 1 of the Lair of Beasts
  8796 | Lair:1   | 8796 ||| Stepping ~*~*~tactically~*~*~ (hiding).
  8799 | Lair:1   | 8799 ||| Stepping ~*~*~tactically~*~*~ (hiding).
  8802 | Lair:1   | 8802 ||| INVOKING Berserk.
  8937 | Lair:1   | 8937 ||| Stepping ~*~*~tactically~*~*~ (stealth).
  8940 | Lair:1   | 8940 ||| Stepping ~*~*~tactically~*~*~ (stealth).
  8969 | Lair:1   | 8969 ||| INVOKING Berserk.
  8978 | Lair:1   | Reached skill level 13 in Shields
  9051 | Lair:1   | 9051 ||| INVOKING Berserk.
  9172 | Lair:1   | Noticed a black mamba
  9174 | Lair:1   | 9174 ||| INVOKING Berserk.
  9178 | Lair:1   | Killed a black mamba
  9311 | Lair:1   | Reached XP level 11. HP: 94/94 MP: 10/10
  9472 | Lair:1   | 9472 ||| INVOKING Berserk.
  9677 | Lair:1   | Reached **** piety under Trog
 10066 | Lair:1   | Noticed a boulder beetle
 10070 | Lair:1   | 10070 ||| INVOKING Berserk.
 10100 | Lair:1   | HP: 19/94 [boulder beetle (15)]
 10101 | Lair:1   | 10101 ||| READING 2 scrolls of teleportation.
 10102 | Lair:1   | 10102 ||| DRINKING 4 potions of heal wounds.
 10377 | Lair:1   | 10377 ||| INVOKING Berserk.
 10385 | Lair:1   | Killed a boulder beetle
 10453 | Lair:1   | 10453 ||| Stepping ~*~*~tactically~*~*~ (stealth).
 10456 | Lair:1   | 10456 ||| INVOKING Berserk.
 10612 | Lair:1   | 10612 ||| INVOKING Berserk.
 10955 | Lair:1   | 10955 ||| READING 2 scrolls of identify.
 10955 | Lair:1   | 10955 ||| IDENTIFYING orange potion
 10956 | Lair:1   | 10956 ||| DROPPING potion of berserk rage.
 11018 | Lair:2   | 11018 ||| INVOKING Berserk.
 11160 | Lair:2   | 11160 ||| Stepping ~*~*~tactically~*~*~ (stealth).
 11202 | Lair:2   | 11202 ||| Stepping ~*~*~tactically~*~*~ (stealth).
 11375 | Lair:2   | Found a staircase to the Swamp.
 11385 | Lair:2   | Reached skill level 15 in Axes
 11391 | Lair:2   | 11391 ||| INVOKING Berserk.
 11628 | Lair:2   | Reached skill level 9 in Fighting
 11730 | Lair:2   | 11730 ||| INVOKING Berserk.
 11930 | Lair:2   | Noticed a lindwurm
 11931 | Lair:2   | 11931 ||| Stepping ~*~*~tactically~*~*~ (hiding).
 11934 | Lair:2   | 11934 ||| Stepping ~*~*~tactically~*~*~ (hiding).
 11937 | Lair:2   | 11937 ||| INVOKING Berserk.
 11939 | Lair:2   | Noticed a lindwurm
 11942 | Lair:2   | Killed a lindwurm
 11957 | Lair:2   | Killed a lindwurm
 11958 | Lair:2   | Reached skill level 14 in Shields
 12236 | Lair:2   | 12236 ||| INVOKING Berserk.
 12431 | Lair:2   | Found a staircase to the Snake Pit.
 12755 | Lair:2   | 12755 ||| READING 2 scrolls of identify.
 12755 | Lair:2   | 12755 ||| IDENTIFYING fizzy amethyst potion
 12812 | Lair:3   | Noticed Gastronok
 12813 | Lair:3   | Noticed Nessos
 12815 | Lair:3   | 12815 ||| INVOKING Berserk.
 12819 | Lair:3   | Killed Gastronok
 12820 | Lair:3   | Reached XP level 12. HP: 104/104 MP: 11/11
 12827 | Lair:3   | Killed Nessos
 12836 | Lair:3   | 12836 ||| STAIRDANCE
 13111 | Lair:3   | 13111 ||| INVOKING Berserk.
 13217 | Lair:3   | 13217 ||| FLEEEEING.
 13224 | Lair:3   | 13224 ||| Stepping ~*~*~tactically~*~*~ (stealth).
 13226 | Lair:3   | 13226 ||| FLEEEEING.
 13227 | Lair:3   | 13227 ||| FLEEEEING.
 13228 | Lair:3   | 13228 ||| FLEEEEING.
 13229 | Lair:3   | 13229 ||| FLEEEEING.
 13230 | Lair:3   | 13230 ||| FLEEEEING.
 13231 | Lair:3   | 13231 ||| FLEEEEING.
 13232 | Lair:3   | 13232 ||| FLEEEEING.
 13233 | Lair:3   | 13233 ||| FLEEEEING.
 13234 | Lair:3   | 13234 ||| FLEEEEING.
 13235 | Lair:3   | 13235 ||| FLEEEEING.
 13236 | Lair:3   | 13236 ||| FLEEEEING.
 13237 | Lair:3   | 13237 ||| FLEEEEING.
 13240 | Lair:3   | 13240 ||| FLEEEEING.
 13241 | Lair:3   | 13241 ||| FLEEEEING.
 13242 | Lair:3   | 13242 ||| FLEEEEING.
 13243 | Lair:3   | 13243 ||| FLEEEEING.
 13244 | Lair:3   | 13244 ||| FLEEEEING.
 13245 | Lair:3   | 13245 ||| FLEEEEING.
 13246 | Lair:3   | 13246 ||| FLEEEEING.
 13247 | Lair:3   | 13247 ||| FLEEEEING.
 13250 | Lair:3   | 13250 ||| FLEEEEING.
 13251 | Lair:3   | 13251 ||| FLEEEEING.
 13253 | Lair:3   | 13253 ||| FLEEEEING.
 13254 | Lair:3   | 13254 ||| FLEEEEING.
 13255 | Lair:3   | 13255 ||| FLEEEEING.
 13256 | Lair:3   | 13256 ||| FLEEEEING.
 13257 | Lair:3   | 13257 ||| FLEEEEING.
 13258 | Lair:3   | 13258 ||| FLEEEEING.
 13259 | Lair:3   | 13259 ||| FLEEEEING.
 13262 | Lair:3   | 13262 ||| FLEEEEING.
 13263 | Lair:3   | 13263 ||| FLEEEEING.
 13264 | Lair:3   | 13264 ||| FLEEEEING.
 13265 | Lair:3   | 13265 ||| FLEEEEING.
 13266 | Lair:3   | 13266 ||| FLEEEEING.
 13267 | Lair:3   | 13267 ||| FLEEEEING.
 13268 | Lair:3   | 13268 ||| FLEEEEING.
 13269 | Lair:3   | 13269 ||| FLEEEEING.
 13270 | Lair:3   | 13270 ||| FLEEEEING.
 13271 | Lair:3   | 13271 ||| FLEEEEING.
 13273 | Lair:3   | 13273 ||| FLEEEEING.
 13274 | Lair:3   | 13274 ||| STAIRDANCE
 13338 | Lair:2   | 13338 ||| UPGRADING to +2 hat of willpower.
 13345 | Lair:3   | 13345 ||| STAIRDANCE
 13371 | Lair:3   | Noticed a boulder beetle
 13372 | Lair:3   | 13372 ||| Stepping ~*~*~tactically~*~*~ (stealth).
 13376 | Lair:3   | 13376 ||| Stepping ~*~*~tactically~*~*~ (stealth).
 13377 | Lair:3   | 13377 ||| Stepping ~*~*~tactically~*~*~ (stealth).
 13408 | Lair:3   | 13408 ||| Stepping ~*~*~tactically~*~*~ (stealth).
 13414 | Lair:3   | 13414 ||| Stepping ~*~*~tactically~*~*~ (hiding).
 13541 | Lair:3   | Reached skill level 15 in Shields
 13563 | Lair:3   | Noticed Fannar
 13564 | Lair:3   | 13564 ||| FLEEEEING.
 13565 | Lair:3   | 13565 ||| FLEEEEING.
 13565 | Lair:3   | Noticed Josephine
 13570 | Lair:3   | Noticed a boulder beetle
 13585 | Lair:3   | 13585 ||| INVOKING Berserk.
 13589 | Lair:3   | Killed Josephine
 13595 | Lair:3   | Killed Fannar
 13597 | Lair:3   | Killed a boulder beetle
 13606 | Lair:3   | Killed a boulder beetle
 13799 | Lair:3   | 13799 ||| READING scroll of acquirement.
 13799 | Lair:3   | 13799 ||| ACQUIRING +1 broad axe of freezing
 13799 | Lair:3   | Acquired a +1 broad axe of freezing
 13801 | Lair:3   | 13801 ||| SWAPPING to +1 broad axe of freezing.
 13802 | Lair:3   | 13802 ||| DROPPING +0 war axe.
 13994 | Lair:3   | 13994 ||| Stepping ~*~*~tactically~*~*~ (stealth).
 14288 | Lair:4   | Noticed a four-headed hydra
 14289 | Lair:4   | 14289 ||| INVOKING Brothers in Arms.
 14291 | Lair:4   | 14291 ||| SWAPPING to +0 flail.
 14292 | Lair:4   | 14292 ||| INVOKING Berserk.
 14292 | Lair:4   | Killed a four-headed hydra
 14296 | Lair:4   | 14296 ||| SWAPPING to +1 broad axe of freezing.
 14449 | Lair:4   | 14449 ||| INVOKING Berserk.
 14465 | Lair:4   | Reached XP level 13. HP: 115/115 MP: 12/12
 14590 | Lair:4   | 14590 ||| Stepping ~*~*~tactically~*~*~ (stealth).
 14673 | Lair:4   | 14673 ||| INVOKING Berserk.
 14798 | Lair:4   | 14798 ||| READING scroll of enchant weapon.
 14798 | Lair:4   | 14798 ||| ENCHANTING +1 broad axe of freezing.
 14850 | Lair:4   | You fall into a shaft and drop 1 floor!
 14850 | Lair:5   | Entered Level 5 of the Lair of Beasts
 14852 | Lair:5   | Reached skill level 18 in Axes
 14867 | Lair:5   | 14867 ||| UPGRADING to +2 pair of gloves of hurling.
 14872 | Lair:5   | 14872 ||| READING scroll labelled JOAHAST WECVIU.
 14881 | Lair:4   | Found a staircase to the Slime Pits.
 14881 | Lair:4   | Found a viscous altar of Jiyva.
 14886 | Lair:4   | 14886 ||| INVOKING Berserk.
 14891 | Lair:4   | Reached skill level 6 in Armour
 15005 | Lair:4   | 15005 ||| INVOKING Brothers in Arms.
 15006 | Lair:4   | 15006 ||| SWAPPING to +0 flail.
 15007 | Lair:4   | 15007 ||| INVOKING Berserk.
 15010 | Lair:4   | Reached skill level 16 in Shields
 15025 | Lair:4   | 15025 ||| SWAPPING to +2 broad axe of freezing.
 15551 | Lair:4   | 15551 ||| DROPPING +0 chain mail of cold resistance.
 15574 | Lair:5   | 15574 ||| Stepping ~*~*~tactically~*~*~ (stealth).
 15614 | Lair:5   | 15614 ||| Stepping ~*~*~tactically~*~*~ (stealth).
 15616 | Lair:5   | 15616 ||| Stepping ~*~*~tactically~*~*~ (hiding).
 15617 | Lair:5   | 15617 ||| INVOKING Berserk.
 15627 | Lair:5   | Reached skill level 6 in Dodging
 15883 | Lair:5   | 15883 ||| Stepping ~*~*~tactically~*~*~ (hiding).
 15885 | Lair:5   | 15885 ||| Stepping ~*~*~tactically~*~*~ (hiding).
 15935 | Lair:5   | 15935 ||| Stepping ~*~*~tactically~*~*~ (stealth).
 15950 | Lair:5   | 15950 ||| INVOKING Berserk.
 15965 | Lair:5   | Reached skill level 12 in Fighting
 15987 | Lair:5   | 15987 ||| Stepping ~*~*~tactically~*~*~ (stealth).
 16006 | Lair:5   | 16006 ||| Stepping ~*~*~tactically~*~*~ (stealth).
 16026 | Lair:5   | 16026 ||| INVOKING Berserk.
 16201 | Lair:5   | 16201 ||| Stepping ~*~*~tactically~*~*~ (stealth).
 16203 | Lair:5   | 16203 ||| Stepping ~*~*~tactically~*~*~ (stealth).
 16238 | Lair:5   | 16238 ||| FLEEEEING.
 16244 | Lair:5   | 16244 ||| FLEEEEING.
 16245 | Lair:5   | 16245 ||| FLEEEEING.
 16287 | Lair:5   | 16287 ||| INVOKING Berserk.
 16458 | Lair:5   | 16458 ||| Stepping ~*~*~tactically~*~*~ (cloud).
 16460 | Lair:5   | 16460 ||| Stepping ~*~*~tactically~*~*~ (cloud).
 16461 | Lair:5   | 16461 ||| Stepping ~*~*~tactically~*~*~ (cloud).
 16462 | Lair:5   | 16462 ||| INVOKING Berserk.
 16705 | Lair:5   | Found a large runed translucent door.
 16713 | Lair:5   | 16713 ||| INVOKING Brothers in Arms.
 16714 | Lair:5   | 16714 ||| INVOKING Brothers in Arms.
 16715 | Lair:5   | 16715 ||| INVOKING Brothers in Arms.
 16716 | Lair:5   | 16716 ||| SWAPPING to +0 flail.
 16717 | Lair:5   | 16717 ||| INVOKING Berserk.
 16720 | Lair:5   | Reached skill level 17 in Shields
 16729 | Lair:5   | 16729 ||| SWAPPING to +2 broad axe of freezing.
 16749 | Lair:5   | 16749 ||| Stepping ~*~*~tactically~*~*~ (hiding).
 16754 | Lair:5   | 16754 ||| FLEEEEING.
 16759 | Lair:5   | 16759 ||| FLEEEEING.
 16760 | Lair:5   | 16760 ||| FLEEEEING.
 16761 | Lair:5   | 16761 ||| FLEEEEING.
 16762 | Lair:5   | 16762 ||| FLEEEEING.
 16763 | Lair:5   | 16763 ||| FLEEEEING.
 16770 | Lair:5   | 16770 ||| FLEEEEING.
 16771 | Lair:5   | 16771 ||| FLEEEEING.
 16772 | Lair:5   | 16772 ||| FLEEEEING.
 16773 | Lair:5   | 16773 ||| FLEEEEING.
 16774 | Lair:5   | 16774 ||| FLEEEEING.
 16775 | Lair:5   | 16775 ||| FLEEEEING.
 16776 | Lair:5   | 16776 ||| FLEEEEING.
 16777 | Lair:5   | 16777 ||| FLEEEEING.
 16918 | Lair:5   | 16918 ||| Stepping ~*~*~tactically~*~*~ (stealth).
 16923 | Lair:5   | Reached XP level 14. HP: 126/126 MP: 13/13
 17053 | Lair:5   | 17053 ||| INVOKING Brothers in Arms.
 17054 | Lair:5   | 17054 ||| INVOKING Brothers in Arms.
 17055 | Lair:5   | 17055 ||| INVOKING Brothers in Arms.
 17056 | Lair:5   | 17056 ||| INVOKING Brothers in Arms.
 17057 | Lair:5   | 17057 ||| INVOKING Brothers in Arms.
 17058 | Lair:5   | 17058 ||| SWAPPING to +0 flail.
 17059 | Lair:5   | 17059 ||| INVOKING Berserk.
 17076 | Lair:5   | 17076 ||| SWAPPING to +2 broad axe of freezing.
 17217 | Lair:5   | 17217 ||| Stepping ~*~*~tactically~*~*~ (stealth).
 17537 | Lair:5   | 17537 ||| SWAPPING to +0 flail.
 17538 | Lair:5   | 17538 ||| INVOKING Berserk.
 17661 | Lair:5   | 17661 ||| SWAPPING to +2 broad axe of freezing.
 17662 | Lair:5   | Found a large runed translucent door.
 17710 | Lair:5   | 17710 ||| Stepping ~*~*~tactically~*~*~ (stealth).
 17711 | Lair:5   | 17711 ||| Stepping ~*~*~tactically~*~*~ (stealth).
 17926 | Lair:5   | 17926 ||| PLANNING D:1-11
 17926 | Lair:5   | 17926 ||| READING scroll labelled TEMAAT GIRHA.
 18447 | D:9      | 18447 ||| Stepping ~*~*~tactically~*~*~ (stealth).
 18449 | D:9      | 18449 ||| Stepping ~*~*~tactically~*~*~ (hiding).
 18450 | D:9      | 18450 ||| Stepping ~*~*~tactically~*~*~ (hiding).
 18538 | D:9      | Noticed Amaemon
 18544 | D:9      | Killed Amaemon
 18546 | D:9      | Found a shimmering altar of Xom.
 18618 | D:9      | 18618 ||| DROPPING +0 flail.
 18622 | D:9      | 18622 ||| READING scroll of brand weapon.
 18622 | D:9      | 18622 ||| BRANDING +2 broad axe of freezing.
 18629 | D:9      | 18629 ||| Stepping ~*~*~tactically~*~*~ (stealth).
 18637 | D:9      | 18637 ||| Stepping ~*~*~tactically~*~*~ (stealth).
 18638 | D:9      | 18638 ||| Stepping ~*~*~tactically~*~*~ (stealth).
 18676 | D:9      | Found a broken altar of Ashenzari.
 18678 | D:9      | Found a glowing golden altar of the Shining One.
 18681 | D:9      | Found a hazy altar of Hepliaklqana.
 18712 | D:9      | 18712 ||| Stepping ~*~*~tactically~*~*~ (hiding).
 18732 | D:9      | Noticed Psyche
 18741 | D:9      | Killed Psyche
 18819 | D:9      | 18819 ||| Stepping ~*~*~tactically~*~*~ (hiding).
 18835 | D:9      | 18835 ||| Stepping ~*~*~tactically~*~*~ (stealth).
 19060 | D:9      | 19060 ||| Stepping ~*~*~tactically~*~*~ (hiding).
 19397 | D:9      | 19397 ||| READING 3 scrolls of identify.
 19397 | D:9      | 19397 ||| IDENTIFYING golden potion
 19416 | D:10     | Entered Level 10 of the Dungeon
 19460 | D:10     | Reached ***** piety under Trog
 19545 | D:10     | 19545 ||| Stepping ~*~*~tactically~*~*~ (stealth).
 19583 | D:10     | 19583 ||| Stepping ~*~*~tactically~*~*~ (hiding).
 19694 | D:10     | 19694 ||| READING scroll of enchant weapon.
 19694 | D:10     | 19694 ||| ENCHANTING +2 broad axe of chaos.
 19733 | D:10     | 19733 ||| Stepping ~*~*~tactically~*~*~ (hiding).
 19901 | D:10     | Found an ornate altar of the Wu Jian Council.
 19901 | D:10     | Found a sparkling altar of Nemelex Xobeh.
 20256 | D:11     | 20256 ||| FLEEEEING.
 20257 | D:11     | 20257 ||| FLEEEEING.
 20258 | D:11     | 20258 ||| FLEEEEING.
 20271 | D:11     | 20271 ||| FLEEEEING.
 20272 | D:11     | 20272 ||| FLEEEEING.
 20287 | D:11     | 20287 ||| FLEEEEING.
 20288 | D:11     | 20288 ||| FLEEEEING.
 20358 | D:11     | 20358 ||| Stepping ~*~*~tactically~*~*~ (hiding).
 20359 | D:11     | 20359 ||| Stepping ~*~*~tactically~*~*~ (hiding).
 21064 | D:11     | 21064 ||| PLANNING D
 21242 | D:12     | 21242 ||| READING 6 scrolls of teleportation.
 21575 | D:12     | Found a staircase to the Orcish Mines.
 21667 | D:12     | 21667 ||| Stepping ~*~*~tactically~*~*~ (stealth).
 21678 | D:12     | Found a shimmering altar of Xom.
 21777 | D:13     | 21777 ||| INVOKING Brothers in Arms.
 21779 | D:13     | 21779 ||| SWAPPING to -1 demon whip of venom.
 21780 | D:13     | 21780 ||| INVOKING Berserk.
 21790 | D:13     | 21790 ||| SWAPPING to +3 broad axe of chaos.
 21904 | D:13     | 21904 ||| Stepping ~*~*~tactically~*~*~ (hiding).
 21905 | D:13     | 21905 ||| Stepping ~*~*~tactically~*~*~ (hiding).
 21913 | D:13     | Reached skill level 18 in Shields
 21942 | D:13     | 21942 ||| INVOKING Berserk.
 21957 | D:13     | 21957 ||| Stepping ~*~*~tactically~*~*~ (stealth).
 21990 | D:13     | 21990 ||| Stepping ~*~*~tactically~*~*~ (stealth).
 21991 | D:13     | 21991 ||| Stepping ~*~*~tactically~*~*~ (stealth).
 22002 | D:13     | 22002 ||| Stepping ~*~*~tactically~*~*~ (stealth).
 22013 | D:13     | 22013 ||| Stepping ~*~*~tactically~*~*~ (stealth).
 22016 | D:13     | 22016 ||| Stepping ~*~*~tactically~*~*~ (stealth).
 22021 | D:13     | 22021 ||| Stepping ~*~*~tactically~*~*~ (stealth).
 22025 | D:13     | 22025 ||| Stepping ~*~*~tactically~*~*~ (stealth).
 22029 | D:13     | 22029 ||| Stepping ~*~*~tactically~*~*~ (stealth).
 22035 | D:13     | 22035 ||| Stepping ~*~*~tactically~*~*~ (stealth).
 22045 | D:13     | 22045 ||| Stepping ~*~*~tactically~*~*~ (stealth).
 22048 | D:13     | 22048 ||| Stepping ~*~*~tactically~*~*~ (stealth).
 22051 | D:13     | 22051 ||| Stepping ~*~*~tactically~*~*~ (stealth).
 22058 | D:13     | 22058 ||| Stepping ~*~*~tactically~*~*~ (stealth).
 22062 | D:13     | 22062 ||| Stepping ~*~*~tactically~*~*~ (stealth).
 22067 | D:13     | 22067 ||| Stepping ~*~*~tactically~*~*~ (stealth).
 22075 | D:13     | 22075 ||| Stepping ~*~*~tactically~*~*~ (stealth).
 22076 | D:13     | 22076 ||| Stepping ~*~*~tactically~*~*~ (stealth).
 22084 | D:13     | 22084 ||| Stepping ~*~*~tactically~*~*~ (stealth).
 22087 | D:13     | 22087 ||| Stepping ~*~*~tactically~*~*~ (stealth).
 22096 | D:13     | 22096 ||| Stepping ~*~*~tactically~*~*~ (stealth).
 22099 | D:13     | 22099 ||| Stepping ~*~*~tactically~*~*~ (stealth).
 22102 | D:13     | 22102 ||| Stepping ~*~*~tactically~*~*~ (stealth).
 22106 | D:13     | 22106 ||| Stepping ~*~*~tactically~*~*~ (stealth).
 22114 | D:13     | 22114 ||| Stepping ~*~*~tactically~*~*~ (stealth).
 22130 | D:13     | 22130 ||| Stepping ~*~*~tactically~*~*~ (stealth).
 22199 | D:13     | Found a transporter.
 22234 | D:13     | Reached skill level 9 in Armour
 22294 | D:13     | Found a gate to the Vaults.
 22313 | D:13     | 22313 ||| INVOKING Berserk.
 22513 | D:13     | 22513 ||| Stepping ~*~*~tactically~*~*~ (hiding).
 22518 | D:13     | 22518 ||| DRINKING potion of cancellation.
 22697 | D:13     | Found a transporter.
 22874 | D:13     | Found a transporter.
 22916 | D:13     | Found a transporter.
 22967 | D:14     | 22967 ||| Stepping ~*~*~tactically~*~*~ (stealth).
 22970 | D:14     | 22970 ||| Stepping ~*~*~tactically~*~*~ (stealth).
 22972 | D:14     | 22972 ||| Stepping ~*~*~tactically~*~*~ (stealth).
 22976 | D:14     | 22976 ||| Stepping ~*~*~tactically~*~*~ (stealth).
 22977 | D:14     | 22977 ||| Stepping ~*~*~tactically~*~*~ (stealth).
 22985 | D:14     | Received a gift from Trog
 22992 | D:14     | Reached skill level 15 in Fighting
 23039 | D:14     | 23039 ||| DROPPING +4 vorpal war axe.
 23423 | D:14     | 23423 ||| Stepping ~*~*~tactically~*~*~ (hiding).
 23514 | D:14     | 23514 ||| Stepping ~*~*~tactically~*~*~ (stealth).
 23516 | D:14     | 23516 ||| Stepping ~*~*~tactically~*~*~ (hiding).
 23724 | D:14     | Identified the +0 pair of gloves of the Eight Blessings
                  | {rN++ Str+2}
 23736 | D:14     | 23736 ||| UPGRADING to +0 pair of gloves of the Eight
                  | Blessings {rN++ Str+2}.
 23756 | D:15     | Entered Level 15 of the Dungeon
 23769 | D:15     | 23769 ||| INVOKING Trog's Hand.
 23773 | D:15     | Reached XP level 15. HP: 141/141 MP: 14/14
 23774 | D:15     | 23774 ||| INVOKING Berserk.
 23780 | D:15     | Paralysed by an ogre mage for 3 turns
 23929 | D:15     | 23929 ||| INVOKING Berserk.
 24192 | D:15     | 24192 ||| Stepping ~*~*~tactically~*~*~ (hiding).
 24251 | D:15     | 24251 ||| INVOKING Berserk.
 24258 | D:15     | Reached skill level 9 in Dodging
 24346 | D:15     | 24346 ||| Stepping ~*~*~tactically~*~*~ (hiding).
 24362 | D:15     | 24362 ||| INVOKING Brothers in Arms.
 24363 | D:15     | 24363 ||| SWAPPING to -1 demon whip of venom.
 24364 | D:15     | 24364 ||| INVOKING Berserk.
 24393 | D:15     | 24393 ||| SWAPPING to +3 broad axe of chaos.
 24516 | D:15     | 24516 ||| Stepping ~*~*~tactically~*~*~ (stealth).
 24518 | D:15     | Found an iron altar of Okawaru.
 24700 | D:15     | 24700 ||| Stepping ~*~*~tactically~*~*~ (hiding).
 24706 | D:15     | 24706 ||| Stepping ~*~*~tactically~*~*~ (cloud).
 24955 | D:15     | 24955 ||| INVOKING Berserk.
 25093 | D:15     | Found a staircase to the Depths.
 25094 | D:15     | 25094 ||| INVOKING Berserk.
 25208 | D:15     | 25208 ||| PLANNING ORC
 25279 | Orc:1    | Entered Level 1 of the Orcish Mines
 25283 | Orc:1    | 25283 ||| Stepping ~*~*~tactically~*~*~ (hiding).
 25285 | Orc:1    | 25285 ||| Stepping ~*~*~tactically~*~*~ (hiding).
 25287 | Orc:1    | 25287 ||| Stepping ~*~*~tactically~*~*~ (hiding).
 25426 | Orc:1    | Found Neudill's General Store.
 25483 | Orc:1    | 25483 ||| Stepping ~*~*~tactically~*~*~ (stealth).
 25489 | Orc:1    | 25489 ||| Stepping ~*~*~tactically~*~*~ (stealth).
 25494 | Orc:1    | Noticed Urug
 25496 | Orc:1    | 25496 ||| Stepping ~*~*~tactically~*~*~ (hiding).
 25500 | Orc:1    | 25500 ||| INVOKING Berserk.
 25508 | Orc:1    | Killed Urug
 25777 | Orc:1    | Found a shimmering blue altar of Sif Muna.
 26069 | Orc:2    | Entered Level 2 of the Orcish Mines
 26176 | Orc:2    | 26176 ||| Stepping ~*~*~tactically~*~*~ (hiding).
 26177 | Orc:2    | 26177 ||| Stepping ~*~*~tactically~*~*~ (hiding).
 26178 | Orc:2    | 26178 ||| Stepping ~*~*~tactically~*~*~ (hiding).
 26210 | Orc:2    | 26210 ||| Stepping ~*~*~tactically~*~*~ (stealth).
 26216 | Orc:2    | 26216 ||| Stepping ~*~*~tactically~*~*~ (stealth).
 26225 | Orc:2    | 26225 ||| INVOKING Berserk.
 26487 | Orc:2    | 26487 ||| Stepping ~*~*~tactically~*~*~ (hiding).
 26588 | Orc:2    | Found a staircase to the Elven Halls.
 26717 | Orc:2    | Found Junocs's Distillery.
 26725 | Orc:2    | Found Ecwekh's General Store.
 26736 | Orc:2    | 26736 ||| INVOKING Berserk.
 26808 | Orc:2    | 26808 ||| Stepping ~*~*~tactically~*~*~ (hiding).
 26816 | Orc:2    | 26816 ||| Stepping ~*~*~tactically~*~*~ (stealth).
 26854 | Orc:2    | 26854 ||| INVOKING Berserk.
 26974 | Orc:2    | 26974 ||| BUYING 3 potions of mutation (312 gold).
 26974 | Orc:2    | Bought 3 potions of mutation for 312 gold pieces
 26974 | Orc:2    | 26974 ||| BUYING potion of curing (39 gold).
 26974 | Orc:2    | Bought a potion of curing for 39 gold pieces
 26974 | Orc:2    | 26974 ||| BUYING potion of haste (130 gold).
 26974 | Orc:2    | Bought a potion of haste for 130 gold pieces
 27006 | Orc:2    | 27006 ||| Stepping ~*~*~tactically~*~*~ (hiding).
 27018 | Orc:2    | 27018 ||| Stepping ~*~*~tactically~*~*~ (hiding).
 27128 | Orc:2    | 27128 ||| Stepping ~*~*~tactically~*~*~ (hiding).
 27133 | Orc:2    | 27133 ||| INVOKING Berserk.
 27139 | Orc:2    | Reached skill level 6 in Throwing
 27148 | Orc:2    | 27148 ||| INVOKING Trog's Hand.
 27171 | Orc:2    | 27171 ||| INVOKING Brothers in Arms.
 27198 | Orc:2    | 27198 ||| INVOKING Trog's Hand.
 27201 | Orc:2    | 27201 ||| INVOKING Berserk.
 27252 | Orc:2    | 27252 ||| INVOKING Berserk.
 27267 | Orc:2    | 27267 ||| Stepping ~*~*~tactically~*~*~ (stealth).
 27379 | Orc:2    | Reached skill level 19 in Shields
 27383 | Orc:2    | 27383 ||| Stepping ~*~*~tactically~*~*~ (stealth).
 27461 | Orc:2    | Found Udu Xiob's Antique Armour Shop.
 27461 | Orc:2    | Found Ratoch's Book Boutique.
 27462 | Orc:2    | 27462 ||| Stepping ~*~*~tactically~*~*~ (hiding).
 27463 | Orc:2    | 27463 ||| INVOKING Trog's Hand.
 27464 | Orc:2    | 27464 ||| INVOKING Berserk.
 27579 | Orc:2    | Found a one-way gate leading to the halls of Pandemonium.
 27581 | Orc:2    | 27581 ||| BUYING encrusted plate armour (924 gold).
 27581 | Orc:2    | Bought an encrusted plate armour for 924 gold pieces
 27581 | Orc:2    | Identified the +4 plate armour of the Frog {Int+4 Slay+2}
                  | (You bought it in a shop on level 2 of the Orcish Mines)
 27774 | Orc:2    | 27774 ||| DROPPING +0 plate armour.
 27775 | Orc:2    | 27775 ||| DROPPING +6 plate armour of ponderousness.
 27776 | Orc:2    | 27776 ||| DROPPING +1 plate armour of cold resistance.
 27777 | Orc:2    | 27777 ||| DROPPING +0 plate armour of poison resistance.
 27778 | Orc:2    | 27778 ||| UPGRADING to +4 plate armour of the Frog {Int+4
                  | Slay+2}.
 27788 | Orc:2    | 27788 ||| DROPPING +5 ring mail "Seadaful" {Drain rElec
                  | rPois Slay+4}.
 27789 | Orc:2    | 27789 ||| UPGRADING to ring of poison resistance.
 27944 | Orc:1    | 27944 ||| PLANNING SNAKE:1-3
 28159 | Snake:1  | Entered Level 1 of the Snake Pit
 28264 | Snake:1  | 28264 ||| INVOKING Berserk.
 28293 | Snake:1  | HP: 30/127 [naga/+0 war axe (11)]
 28294 | Snake:1  | 28294 ||| READING 9 scrolls of teleportation.
 28294 | Snake:1  | HP: 10/127 [naga/+0 war axe (14)]
 28294 | Snake:1  | HP: 2/127 [salamander/+0 spear (5)]
 28294 | Snake:1  | Mangled by a salamander

Levels and vault maps discovered:
D:1:      saegor_arrival_under_anarchy, layout_loops_corners,
          shapermc_ecumenical_altar_rom_forum
D:2:      layout_rooms, basic_altar, serial_bayou_ford_a,
          kennysheep_generic_room_4
D:3:      layout_loops_corners, gammafunk_temple_overflow_arena,
          mainiacjoe_overflow_chevrons, lemuel_crystal_altar,
          kennysheep_decorative_pillar, corexii_leaking_fountain,
          roderic_filled_cross
D:4:      layout_loops_ring, amcnicky_altar_gilded
D:5:      layout_loops_ring, yredelemnul_altar_generic, hangedman_decor_lopped,
          hangedman_decor_peaks_small
D:6:      layout_loops_cross, ebering_ghost_inner_flame, uniq_grinder
D:7:      layout_cave_pools, lemuel_temple_firewalk_a, nrook_campfire,
          uniq_crazy_yiuf_cottage
D:8:      minmay_slanted_spiral_squares, layout_cave_pods,
          nicolae_vehumet_radiance, minmay_fountain_box, minmay_diamond_spiral,
          uniq_joseph
D:9:      layout_loops_ring, lemuel_doored_altar,
          minmay_overflow_temple_star_quad, eino_house_with_fridge, uniq_psyche,
          uniq_amaemon
D:10:     layout_loops_ring, mainiacjoe_overflow_catwalk_spiral
D:11:     layout_grid_maze
D:12:     layout_big_octagon, tgw_xom
D:13:     layout_small_grid, hangedman_vaults_entry_quadrant_bands,
          nicolae_diode_intersection
D:14:     layout_stronghold, serial_column_ruins,
          column_ruins_courtyard_long_water, column_ruins_courtyard_long,
          column_ruins_open_small, column_ruins_open_small,
          column_ruins_open_tiny, column_ruins_open_tiny, column_ruins_grid_3,
          column_ruins_open_small, column_ruins_open_tiny,
          minmay_misc_feat_pillars
D:15:     grunt_enter_depths_snipers, layout_stronghold,
          okawaru_ov_weapons_minmay
Lair:1:   layout_long_grid, portal_ice_cave_entry_imps, worms_lemuel
Lair:2:   layout_cellular_growth, minmay_swamp_entry_worms,
          minmay_snake_entry_guardpost_small, fungi_pond_lemuel,
          chequers_serial_rivers_room_a, dreamdust_mushroom_princess,
          nicolae_lair_lindhole, lemuel_fruit_fields, lemuel_fruit_tree,
          infiniplex_staircase_pool_2
Lair:3:   layout_chaotic_city, uniq_nessos, uniq_gastronok, uniq_fannar,
          uniq_josephine
Lair:4:   layout_gridlike, minmay_slime_entry_oklob_open
Lair:5:   cheibrodos_lair_end_hotspot, layout_gridlike
Snake:1:  layout_rooms, minmay_shoptagon
Orc:1:    layout_diamond_mine, serial_shops, nicolae_shop_hallway_stairs,
          led_sif_book, uniq_urug
Orc:2:    pf_orc_diabolical, layout_diamond_mine

Skill      XL: |  1  2  3  4  5  6  7  8  9 10 11 12 13 14 15 |
---------------+----------------------------------------------+-----
Axes           | 4 5 6 7 9 10 12 13 15 16 18 | 18.0
Throwing       | 1 2 3 7 |  7.0
Fighting       | 4 5 6 7 8 9 10 12 15 16 | 16.0
Shields        | 4 8 13 14 15 17 18 19 | 19.0
Armour         | 3 4 5 7 9 10 | 10.1
Dodging        | 3 4 5 6 8 9 |  9.0

Action                   |  1- 3 |  4- 6 |  7- 9 | 10-12 | 13-15 || total
-------------------------+-------+-------+-------+-------+-------++-------
Melee: Hand axe          |    80 |    50 |    80 |       |       ||   210
       Headbutt          |     8 |     9 |    32 |    99 |   200 ||   348
       Punch             |       |     1 |     1 |       |       ||     2
       War axe           |       |       |    49 |   390 |       ||   439
       Flail             |       |       |       |     4 |    20 ||    24
       Broad axe         |       |       |       |    28 |   826 ||   854
       Demon whip        |       |       |       |       |     9 ||     9
Throw: Javelin           |       |    26 |    52 |    51 |    26 ||   155
       Boomerang         |       |       |       |       |   104 ||   104
Invok: Berserk           |     2 |     6 |     6 |    22 |    29 ||    65
       Trog's Hand       |       |       |     2 |       |     4 ||     6
       Brothers in Arms  |       |       |       |     1 |     6 ||     7
  Use: Scroll            |    12 |     5 |     7 |     9 |     8 ||    41
       Potion            |       |     1 |     2 |     1 |     1 ||     5
 Stab: Distracted        |       |       |       |     1 |     2 ||     3
       Paralysed         |       |       |       |       |     2 ||     2
       Confused          |       |       |       |       |     2 ||     2
       Petrifying        |       |       |       |       |     1 ||     1
Armor: Animal skin       |    18 |     1 |       |       |       ||    19
       Chain mail        |       |     9 |       |       |       ||     9
       Ring mail         |       |     7 |    42 |   137 |   220 ||   406
       Plate armour      |       |       |       |       |    10 ||    10
Dodge: Dodged            |    43 |     9 |    40 |    94 |   175 ||   361
Block: Buckler           |       |       |    10 |       |       ||    10
       Tower shield      |       |       |    30 |   310 |   647 ||   987

Table legend:
 A = Non-vault XP
 B = Vault XP
 C = Vault XP percentage of total XP
 D = Non-vault monster count
 E = Vault monster count
 F = Vault count percentage of total count
                 A         B        C        D         E       F
            +---------+---------+-------+---------+---------+-------
      Total |   93540 |   49143 |  34.4 |     489 |     182 |  27.1
            +---------+---------+-------+---------+---------+-------
        D:1 |      35 |       0 |   0.0 |      19 |       0 |   0.0
        D:2 |      64 |       3 |   4.5 |      20 |       2 |   9.1
        D:3 |     144 |       0 |   0.0 |      15 |       0 |   0.0
        D:4 |     190 |       0 |   0.0 |      11 |       0 |   0.0
        D:5 |     280 |       0 |   0.0 |      14 |       0 |   0.0
        D:6 |    1636 |     281 |  14.7 |      27 |       1 |   3.6
        D:7 |    1511 |       0 |   0.0 |      23 |       0 |   0.0
        D:8 |     463 |    4232 |  90.1 |      12 |      17 |  58.6
        D:9 |    2042 |    2510 |  55.1 |      25 |      15 |  37.5
       D:10 |    1438 |       0 |   0.0 |      18 |       0 |   0.0
       D:11 |    1555 |       0 |   0.0 |      12 |       0 |   0.0
       D:12 |    5689 |      15 |   0.3 |      24 |       5 |  17.2
       D:13 |    5823 |    6891 |  54.2 |      20 |      18 |  47.4
       D:14 |    5938 |       0 |   0.0 |      12 |       0 |   0.0
       D:15 |   13428 |    2733 |  16.9 |      28 |       3 |   9.7
     Lair:1 |    6085 |     450 |   6.9 |      29 |      14 |  32.6
     Lair:2 |    3198 |    2837 |  47.0 |      16 |       9 |  36.0
     Lair:3 |    7976 |    4879 |  38.0 |      23 |       9 |  28.1
     Lair:4 |   11394 |    1732 |  13.2 |      38 |       3 |   7.3
     Lair:5 |   16485 |    6574 |  28.5 |      49 |      24 |  32.9
    Snake:1 |    4048 |       0 |   0.0 |       7 |       0 |   0.0
      Orc:1 |    1518 |     790 |  34.2 |      16 |       1 |   5.9
      Orc:2 |    2600 |   15216 |  85.4 |      31 |      61 |  66.3
            +---------+---------+-------+---------+---------+-------
